 Dungeon Crawl Stone Soup version 0.25.0-9-g26727b657a (webtiles) character file.

Game seed: 8977372204491884923

100 mopl the Insei (level 5, 0/29 HPs)
             Began as a Kobold Transmuter on June 18, 2020.
             Slain by an adder (5 damage)
             ... on level 2 of the Dungeon.
             The game lasted 00:03:06 (1926 turns).

mopl the Insei (Kobold Transmuter)                  Turns: 1926, Time: 00:03:06

Health: 0/29       AC:  2    Str:  9    XL:     5   Next: 3%
Magic:  3/9        EV: 15    Int: 14    God:
Gold:   49         SH:  0    Dex: 15    Spells: 3/9 levels left

rFire    . . .     SeeInvis .     - Unarmed
rCold    . . .     Gourm    .   (shield restricted)
rNeg     . . .     Faith    .   b - +0 robe
rPois    .         Spirit   .   (no helmet)
rElec    .         Reflect  .   (no cloak)
rCorr    .         Harm     .   (no gloves)
MR       .....                  (no boots)
Stlth    +.........             (no amulet)
HPRegen  0.09/turn              (no ring)
MPRegen  0.11/turn              (no ring)

@: appendage, stab, very slightly contaminated
A: small, horns 2, carnivore
a: End Transformation


You were on level 2 of the Dungeon.
You were very full.
You had grown temporary horns.
You visited 1 branch of the dungeon, and saw 2 of its levels.

You collected 49 gold pieces.

Inventory:

Missiles
 a - 12 arrows
 c - 83 stones (quivered)
Armour
 b - a +0 robe (worn)
Scrolls
 e - a scroll of fog {unknown}
 f - a scroll of noise {unknown}
 g - a scroll of remove curse
 j - a scroll of teleportation {unknown}
 k - a scroll of immolation {unknown}
 l - a scroll of fear {unknown}
Comestibles
 d - 2 rations
 h - 4 chunks of flesh


   Skills:
 - Level 1.1 Fighting
 - Level 2.4 Dodging
 * Level 4.1 Unarmed Combat
 + Level 2.9 Spellcasting
 + Level 2.8 Transmutations
 + Level 1.1 Poison Magic


You had 3 spell levels left.
You knew the following spells:

 Your Spells              Type           Power        Failure   Level  Hunger
a - Beastly Appendage     Tmut           ##....       7%          1    #......
b - Spider Form           Tmut/Pois      #.........   28%         3    ###....
w - Sticks to Snakes      Tmut           ##......     10%         2    ##.....

Your spell library contained the following spells:

 Spells                   Type           Power        Failure   Level  Hunger
 Ice Form                 Ice/Tmut       #.......     75%         4    #####..
 Blade Hands              Tmut           ##........   88%         5    ######.


Dungeon Overview and Level Annotations

Branches:
Dungeon (2/15)

Altars:


Innate Abilities, Weirdness & Mutations

You are small and have problems with some larger weapons.
You are carnivorous and can eat meat at any time.
You have a pair of horns on your head.


Message History

Your +0 robe unmelds from your body.
The hobgoblin misses you.
You hit the hobgoblin but do no damage. The hobgoblin hits you.
* * * LOW HITPOINT WARNING * * *
The hobgoblin misses you.
An adder comes into view.
The adder hisses angrily.
As you read the scroll labeled WOTASE FITTOKA, it crumbles to dust.
You feel blessed for a moment.
It was a scroll of remove curse.
The adder barely misses you. The hobgoblin closely misses you.
The adder closely misses you.
Casting: Spider Form (extremely dangerous; 28% risk of failure)
Confirm with . or Enter, or press ? or * to list all spells.
You grow a pair of large bovine horns.
The adder bites you.
* * * LOW HITPOINT WARNING * * *
The hobgoblin misses you.
Unknown command.
It was a potion of stabbing.
You feel ready to backstab. The adder bites you.
You die...

#.......#
###.......#######
...g.............
###.g..........#
#....g÷).###.#
#...####g## #
#...# #.<# #####
#..############
#..gggg@S.....#
#...#########.#
#...# #######...#
#.........#
#.#########
#.#).# #....#
###.##


You could see an adder, 3 hobgoblins and a goblin (strong).

Vanquished Creatures
  Robin (D:2)
  2 gnolls (D:1)
  2 adders (D:2)
  An ooze (D:2)
  A worm (D:2)
  A dart slug (D:1)
  4 bats
  A giant cockroach (D:1)
  10 goblins
  8 hobgoblins
  5 frilled lizards
  A kobold (D:2)
  6 rats
43 creatures vanquished.

Notes
Turn   | Place    | Note
-------+----------+-------------------------------------------
     0 | D:1      | mopl the Kobold Transmuter began the quest for the Orb.
     0 | D:1      | Reached XP level 1. HP: 12/12 MP: 3/3
    65 | D:1      | Reached XP level 2. HP: 3/16 MP: 1/5
    69 | D:1      | Learned a level 2 spell: Sticks to Snakes
   453 | D:1      | Reached XP level 3. HP: 9/20 MP: 4/6
   465 | D:1      | Learned a level 3 spell: Spider Form
  1396 | D:2      | Reached XP level 4. HP: 21/25 MP: 8/8
  1796 | D:2      | Reached skill level 4 in Unarmed Combat
  1870 | D:2      | Noticed Robin
  1877 | D:2      | Reached skill level 1 in Poison Magic
  1916 | D:2      | Killed Robin
  1916 | D:2      | Reached XP level 5. HP: 10/29 MP: 3/9
  1926 | D:2      | Slain by an adder

Illustrated notes

Levels and vault maps discovered:
D:1:      tarquinn_simple_flora_water_b, layout_loops_corners,
          kennysheep_small_spiral
D:2:      layout_basic, nicolae_overflow_hidden_temple, uniq_robin

Skill      XL: |  1  2  3  4 |
---------------+-------------+-----
Unarmed Combat | 4 |  4.1
Poison Magic   | 1 |  1.1
Fighting       | |  1.1
Dodging        | |  2.4
Spellcasting   | |  2.9
Transmutations | |  2.8

Action                   |  1- 3 |  4- 6 || total
-------------------------+-------+-------++-------
Melee: Unarmed           |   108 |    72 ||   180
       Headbutt          |     4 |       ||     4
       Kick              |     6 |     2 ||     8
       Punch             |     1 |     1 ||     2
 Cast: Beastly Appendage |    13 |     3 ||    16
       Spider Form       |     1 |     3 ||     4
  Use: Scroll            |       |     1 ||     1
       Potion            |       |     1 ||     1
  Eat: Chunk             |    10 |     2 ||    12
Armor: Robe              |    30 |     6 ||    36
       Skin              |       |     3 ||     3
Dodge: Dodged            |    91 |    52 ||   143
